 Dungeon Crawl Stone Soup version 0.31.0-11-ge490571c62 (webtiles) character file.

Game seed: 8963182055323635102

3196 sanka the Basher (level 9, -5/82 HPs)
             Began as a Minotaur Fighter on Jan 27, 2024.
             Was an Initiate of the Shining One.
             Slain by a white ugly thing (35 damage)
             ... on level 9 of the Dungeon.
             The game lasted 00:09:36 (7299 turns).

sanka the Basher (Minotaur Fighter)                 Turns: 7299, Time: 00:09:37

Health: -5/82      AC: 16    Str: 21    XL:     9   Next: 64%
Magic:  8/8        EV: 11    Int:  5    God:    the Shining One [......]
Gold:   392        SH:  5    Dex: 14    Spells: 8/8 levels left

rFire   . . .        a - +0 flail
rCold   . . .        I - orb {mayhem}
rNeg    . . .        i - +0 plate armour
rPois   +            (helmet restricted)
rElec   .            (no cloak)
rCorr   .            o - +0 pair of gloves
SInv    .            f - +0 pair of boots
Will    .....        p - amulet of reflection Stlth
                     g - ring of poison resistance
HPRegen 0.33/turn    r - +5 ring of evasion
MPRegen 0.11/turn

%: mayhem, reflection
@: glowing
A: horns 2, retaliatory headbutt
a: Renounce Religion


You were on level 9 of the Dungeon.
You worshipped the Shining One.
The Shining One was noncommittal.
You visited 2 branches of the dungeon, and saw 10 of its levels.

You collected 392 gold pieces.


Innate Abilities, Weirdness & Mutations

You have a pair of horns on your head.
You reflexively headbutt those who attack you in melee.


   Skills:
 + Level 8.9 Fighting
 - Level 12.0 Maces & Flails
 + Level 8.7 Armour
 - Level 3.6 Shields


You had 8 spell levels left.
You didn't know any spells.
Your spell library contained the following spells:

 Spells                   Type           Power      Damage    Failure   Level
 Foxfire                  Conj/Fire      0%         2x1d4     100%        1
 Blink                    Tloc           0%         N/A       100%        2
 Lesser Beckoning         Tloc           0%         N/A       100%        2
 Momentum Strike          Conj/Tloc      0%         3d8       100%        2
 Vhi's Electric Charge    Tloc/Air       0%         N/A       100%        4
 Arcjolt                  Conj/Air       0%         1d10      100%        5
 Plasma Beam              Fire/Air       0%         2x1d10    100%        6
 Starburst                Conj/Fire      0%         6d3       100%        6

Inventory:

Hand Weapons
 a - a +0 flail (weapon)
Missiles
 A - 6 curare-tipped darts {=f}
 F - 2 throwing nets {=f}
Armour
 c - a +0 buckler
 f - a +0 pair of boots (worn)
 i - a +0 plate armour (worn)
 o - a +0 pair of gloves (worn)
 I - an orb of mayhem (worn)
Jewellery
 g - a ring of poison resistance (left hand)
 h - a ring of ice
 p - an amulet of reflection (around neck)
 r - a +5 ring of evasion (right hand)
 D - a ring of fire
 H - a ring of flight
Wands
 B - a wand of flame (9)
 E - a wand of paralysis (25)
Scrolls
 b - 2 scrolls of enchant weapon
 n - 2 scrolls of noise {!r}
 t - a scroll of torment {unknown}
 v - a scroll of amnesia {unknown}
 w - a scroll of blinking {unknown}
 x - 2 scrolls of fog
 y - a scroll of teleportation {unknown}
 z - 2 scrolls of revelation
 G - a scroll of silence {unknown}
Potions
 d - 2 potions of might
 e - a potion of cancellation {unknown}
 j - 3 potions of attraction {unknown}
 k - 3 potions of heal wounds {unknown}
 l - 3 potions of resistance {unknown}
 m - a potion of lignification {unknown}
 q - 3 potions of curing {unknown}
 s - a potion of brilliance {unknown}
 u - 2 potions of magic {unknown}
 C - a potion of ambrosia

Dungeon Overview and Level Annotations

Branches:
Dungeon (9/15)             Temple (1/1) D:6
   Lair: D:8-11         Orc: D:9-12

Altars:
Ashenzari
Cheibriados
Dithmenos
Elyvilon
Fedhas
Gozag
Hepliaklqana
Kikubaaqudgha
Makhleb
Nemelex Xobeh
Okawaru
Ru
Sif Muna
Trog
Uskayaw
Vehumet
Wu Jian
Xom
Yredelemnul
Zin
The Shining One

Shops:
D:4 [ D:7

[ ▒.▒ ...▒ ▒.▒ ▒.
▒~~ ~~ ...▒ ▒▒▒.▒
▒. .~~~ ~~~ .).▒
▒▒...▒ ▒.▒▒▒▒~~~~
~~.▒▒ ...▒▒▒....▒
....~~~~~ ~▒...
...▒▒..▒..▒▒
..▒~~~~~~ ~....
...▒..▒▒▒..▒
▒.~~~~~~~ ▒..
.....▒▒ ▒▒.▒▒▒
▒.~~~~~~~ ~~▒..
▒▒....▒ ▒....▒▒▒H▒
#~~~ ~.... .[.▒.▒▒
▒▒.▒....u▒▒##~~~
▒▒▒▒▒ ..▒▒▒▒
▒▒▒▒.......~~~~ .▒▒
▒▒...▒▒▒▒~~~ ▒▒ ▒▒
▒▒..▒
▒...........▒. ▒
▒▒.▒▒▒...........▒.
▒
▒....▒...........▒.
▒
▒▒.▒.............▒.
▒▒▒▒............▒.


You could see a white ugly thing.


Message History

The white ugly thing freezes you!!
* * * LOW HITPOINT WARNING * * *
You hit the white ugly thing.
Your headbutt misses the white ugly thing.
The white ugly thing is lightly wounded.
You hit the white ugly thing. You headbutt the white ugly thing!
The white ugly thing is moderately wounded.
The white ugly thing barely misses you.
You barely miss the white ugly thing. You headbutt the white ugly thing.
The white ugly thing is moderately wounded.
The white ugly thing gores you but does no damage.
You barely miss the white ugly thing. You headbutt the white ugly thing.
The white ugly thing is moderately wounded.
The white ugly thing gores you but does no damage.
You sock the white ugly thing! You headbutt the white ugly thing!
The white ugly thing is severely wounded.
The white ugly thing gores you but does no damage.
You hit the white ugly thing.
The white ugly thing is severely wounded.
You hit the white ugly thing but do no damage.
You headbutt the white ugly thing, but do no damage.
The white ugly thing is severely wounded.
The white ugly thing gores you!
* * * LOW HITPOINT WARNING * * *
The white ugly thing freezes you!!
You die...

Action                     |  1- 3 |  4- 6 |  7- 9 || total
---------------------------+-------+-------+-------++-------
  Melee: Flail             |    76 |   148 |   242 ||   466
         Headbutt          |    19 |    17 |    56 ||    92
  Evoke: Wand              |       |       |     2 ||     2
    Use: Potion            |       |     1 |       ||     1
         Scroll            |       |       |     4 ||     4
 Armour: Scale mail        |    31 |       |       ||    31
         Plate armour      |    27 |    69 |   115 ||   211
  Dodge: Dodged            |    31 |    31 |    70 ||   132
  Block: Buckler           |    15 |    62 |    73 ||   150
         Reflection        |       |     1 |     2 ||     3

Levels and vault maps discovered:
D:1:      psy_arrival_whirlpool, layout_basic, st_stairs_10
D:2:      layout_basic, minmay_misc_feat_roman
D:3:      layout_loops_ring, uniq_natasha
D:4:      layout_loops_ring, serial_shops, nicolae_shop_advertising_works
          [nicolae_subvault_shop_adworks]
D:5:      layout_rooms, mainiacjoe_overflow_surrounded_room,
          nicolae_overflow_crystal_walls, mainiacjoe_overflow_cross_hatched,
          mainiacjoe_overflow_alcove_3
D:6:      layout_basic, minmay_temple_entry_stoned_glass, blue_anna_alchemist
D:7:      layout_gridville, slow_altar_1, serial_shops,
          nicolae_shop_window_shopping
D:8:      layout_loops_ring, elyvilon_altar_3,
          chequers_temple_overflow_statue_of_worship
D:9:      layout_basic, lemuel_crystal_altar, erik_lair_island,
          minmay_fractal_squares_gapless_7
Temple:   jpeg_temple_alley_garden

Notes
Turn   | Place    | Note
-------+----------+-------------------------------------------
     0 | D:1      | sanka the Minotaur Fighter began the quest for the Orb.
     0 | D:1      | Reached XP level 1. HP: 19/19 MP: 0/0
   167 | D:1      | Reached skill level 4 in Fighting
   167 | D:1      | Reached skill level 3 in Maces & Flails
   167 | D:1      | Reached XP level 2. HP: 22/27 MP: 1/1
   353 | D:1      | Reached skill level 4 in Maces & Flails
   353 | D:1      | Reached XP level 3. HP: 28/33 MP: 2/2
  1419 | D:2      | Reached skill level 5 in Maces & Flails
  1419 | D:2      | Reached XP level 4. HP: 35/40 MP: 3/3
  2096 | D:3      | Noticed Natasha
  2105 | D:3      | Killed Natasha
  2235 | D:3      | Noticed Natasha
  2242 | D:3      | Killed Natasha
  2243 | D:3      | Reached skill level 6 in Maces & Flails
  2243 | D:3      | Reached XP level 5. HP: 38/46 MP: 4/4
  2456 | D:3      | Noticed Natasha
  2461 | D:3      | Killed Natasha
  2701 | D:4      | Reached skill level 7 in Maces & Flails
  2719 | D:4      | Found Ric Nuw's Armour Shoppe.
  3028 | D:4      | Reached XP level 6. HP: 52/52 MP: 5/5
  3066 | D:4      | Reached skill level 8 in Maces & Flails
  3290 | D:5      | Entered Level 5 of the Dungeon
  3363 | D:5      | Found a basalt altar of Yredelemnul.
  3546 | D:5      | Reached skill level 9 in Maces & Flails
  3591 | D:5      | Found a hazy altar of Hepliaklqana.
  3591 | D:5      | Noticed a hornet
  3598 | D:5      | Killed a hornet
  3599 | D:5      | Reached XP level 7. HP: 40/59 MP: 6/6
  3604 | D:5      | Reached skill level 10 in Maces & Flails
  3729 | D:5      | Found a radiant altar of Vehumet.
  3890 | D:5      | Found a sacrificial altar of Ru.
  3891 | D:5      | Found an ancient bone altar of Kikubaaqudgha.
  3892 | D:5      | Found a shimmering altar of Xom.
  3893 | D:5      | Found an ornate altar of the Wu Jian Council.
  4167 | D:6      | Reached skill level 11 in Maces & Flails
  4167 | D:6      | Reached XP level 8. HP: 46/66 MP: 7/7
  4620 | D:7      | Found Qagan's Armour Shop.
  4663 | D:7      | Reached skill level 12 in Maces & Flails
  4798 | D:7      | Reached skill level 4 in Armour
  5021 | D:7      | Found a snail-covered altar of Cheibriados.
  5039 | D:7      | Reached skill level 5 in Fighting
  5039 | D:7      | Reached skill level 5 in Armour
  5075 | D:7      | Reached skill level 6 in Fighting
  5573 | D:6      | Reached skill level 6 in Armour
  5641 | D:6      | Reached XP level 9. HP: 67/78 MP: 8/8
  5755 | D:6      | Found a staircase to the Ecumenical Temple.
  5769 | Temple   | Entered the Ecumenical Temple
  5803 | Temple   | Became a worshipper of the Shining One
  6338 | D:8      | Reached skill level 7 in Fighting
  6401 | D:8      | Reached skill level 7 in Armour
  6641 | D:8      | Found a bloodstained altar of Trog.
  6644 | D:8      | Found a blossoming altar of Fedhas.
  6858 | D:8      | Found a white marble altar of Elyvilon.
  6971 | D:9      | Noticed a two-headed ogre
  6991 | D:9      | Killed a two-headed ogre
  6992 | D:9      | Reached skill level 8 in Fighting
  6992 | D:9      | Reached skill level 8 in Armour
  7283 | D:9      | Noticed a white ugly thing
  7299 | D:9      | Slain by a white ugly thing

Vanquished Creatures
  A two-headed ogre (D:9)
  A hornet (D:5)
  A wyvern (D:7)
  A water moccasin (D:7)
  An orc warrior (D:6)
  2 black bears
  A sky beast (D:8)
  A centaur (D:6)
  2 phantoms
  A kobold brigand (D:6)
  2 bullfrogs (D:8)
  3 scorpions
  4 wights (D:8)
  A howler monkey (D:8)
  An electric eel (D:9)
  2 bombardier beetles
  3 hounds (D:5)
  2 jellies
  7 orc priests
  6 orc wizards
  Natasha (thrice) (D:3)
  5 gnolls
  9 adders
  A shadow imp (D:7)
  4 white imps
  5 dart slugs
  3 ribbon worms
  36 orcs
  5 bats
  4 endoplasms
  2 giant cockroaches (D:1)
  5 goblins
  A hobgoblin (D:3)
  4 jackals (D:2)
  7 kobolds
  3 quokkas
  4 ball pythons
  2 frilled lizards
  3 rats
149 creatures vanquished.
